cohdb
Replays
Latest Replays
All Replays
Popular Replays
Top Player Replays
Match Explorer
How It Works
Community
CoH3 Stats
Reddit
Sign in to upload your games and track your stats! →
Sign in with Steam
Match 31795257
Unlisted
Match 31795257
Overview
Messages
Build Orders
End
Construct Section Command Post
Selects Air and Sea Battlegroup
Dingo Light Scout Car
Infantry Section
ML 3-inch Mortar Team
Infantry Section
Dingo Light Scout Car
Grenade Package
Construct Field Infirmary
Selects Commando Section Paradrop
Construct Platoon Command Post
Commando Section Paradrop
CMP 15cwt Truck
6-pounder Anti-tank Gun Team
Selects Supply Surplus
Infantry Training
Forward Retreat Point
Selects Centaur Medium Tank
Centaur Medium Tank
Construct Company Command Post
Team Weapon Training
Selects Naval Bombardment
Unlock M3 Grant Medium Tanks
M3 Grant Medium Tank
Selects M1 Pack Howitzer Paradrop
Selects Incendiary Bombing Run
Naval Bombardment
Microsoft Office PowerPoint
Microsoft Office Excel
Microsoft Office Word
WikkieNL
El_Teraristo
Palestinian
0
0
Comments
sign in to comment!
No comments posted yet!